 Dungeon Crawl Stone Soup version 0.18-a0-1485-g189885c (webtiles) character file.

220 Tomstefer the Cudgeler (level 5, -1/48 HPs)
             Began as a Minotaur Gladiator on Mar 3, 2016.
             Was a Believer of Trog.
             Slain by an orc wizard
             ... wielding a +3 dagger of electrocution
              (18 damage)
             ... on level 4 of the Dungeon.
             The game lasted 00:04:28 (2569 turns).

Tomstefer the Cudgeler (Minotaur Gladiator)         Turns: 2569, Time: 00:04:29

Health: -1/48      AC:  9    Str: 20    XL:     5   Next: 64%
Magic:  4/4        EV:  6    Int:  5    God:    Trog [**....]
Gold:   145        SH:  0    Dex: 11    Spells: 0 memorised, 4 levels left

rFire  + . .     SeeInvis .     g - +0 whip
rCold  . . .     Gourm    .     t - +0 chain mail
rNeg   . . .     Faith    .     (no shield)
rPois  .         Spirit   .     c - +0 hat
rElec  .         Dismiss  .     k - +0 cloak
rCorr  .         Reflect  .     (no gloves)
SustAt .         Harm     .     (no boots)
MR     .....                    (no amulet)
Stlth  ..........               n - ring of protection from fire
                                i - -2 ring of evasion (curse)

@: not resistant to hostile enchantments, extremely unstealthy
A: retaliatory headbutt, horns 2
a: Berserk, Trog's Hand, Burn Spellbooks, Renounce Religion


You were on level 4 of the Dungeon.
You worshipped Trog.
Trog was pleased with you.
You were not hungry.

You visited 1 branch of the dungeon, and saw 4 of its levels.

You collected 145 gold pieces.

Inventory:

Hand Weapons
 a - a +0 flail
 g - a +0 whip (weapon)
Missiles
 d - 3 throwing nets (quivered)
Armour
 b - a +0 leather armour
 c - a +0 hat (worn)
 k - a +0 cloak (worn)
 t - a +0 chain mail (worn)
Jewellery
 i - a cursed -2 ring of evasion (left hand)
 n - a ring of protection from fire (right hand)
 w - a +1 ring of evasion
 y - a +3 ring of intelligence {unknown}
Scrolls
 h - a scroll of remove curse {unknown}
 j - a scroll of random uselessness {unknown}
 p - 3 scrolls of teleportation {unknown}
 r - a scroll of enchant armour {unknown}
 u - 2 scrolls of blinking {unknown}
 x - 2 scrolls of recharging {unknown}
 C - a scroll of noise {unknown}
Potions
 e - 2 potions of degeneration {unknown}
 m - 2 potions of curing {unknown}
 s - a potion of agility {unknown}
 v - a potion of mutation {unknown}
 B - a potion of brilliance {unknown}
Comestibles
 f - 3 bread rations
 l - a slice of pizza
 o - 2 beef jerkies
 q - a meat ration
 z - 4 fruits
 A - 10 chunks of flesh


   Skills:
 + Level 5.0 Fighting
 + Level 5.7 Maces & Flails
 - Level 2.0 Throwing
 + Level 2.4 Armour
 - Level 3.2 Dodging


You had 4 spell levels left.
You didn't know any spells.

Dungeon Overview and Level Annotations

Branches:
Dungeon (4/15)             Temple (0/1) D:4

Altars:
Elyvilon
Kikubaaqudgha
Qazlal
Ru
Trog
Zin
The Shining One


Innate Abilities, Weirdness & Mutations

You reflexively headbutt those who attack you in melee.
You have a pair of horns on your head.


Message History

The orc wizard gestures at you while chanting.
The magic dart hits you!
You hit the orc wizard but do no damage.
You headbutt the orc wizard!
The orc wizard is severely wounded.
The orc wizard hits you with a dagger of electrocution.
You are electrocuted!
The orc priest hits you but does no damage.
You closely miss the orc wizard.
You headbutt the orc wizard, but do no damage.
The orc wizard is severely wounded.
The orc wizard hits you with a dagger of electrocution.
You closely miss the orc wizard.
You headbutt the orc wizard, but do no damage.
The orc wizard is severely wounded.
The orc priest calls upon Beogh to heal the orc wizard.
The orc wizard is healed somewhat.
The orc hits you with a flail.
The orc wizard hits you but does no damage.
You are electrocuted!
You die...

#....######+##
....#........
............ ...........
.. #.......... ......###
#..o.......
........####..oo......
................@o......
.................o......
...............#........
... .........$.##.......
..# ##............o...
..######...........#...(
...##...................
................).....#.
................รท.....#


You could see an orc priest, 2 orc wizards and 3 orcs.

Vanquished Creatures
  A worker ant (D:4)
  An orc wizard (D:3)
  5 gnolls
  2 adders (D:2)
  2 oozes (D:3)
  An adder skeleton (D:4)
  A worm (D:2)
  4 dart slugs
  2 giant geckos
  4 orcs (D:3)
  A ball python (D:4)
  2 giant cockroaches
  8 goblins
  6 hobgoblins
  7 jackals (D:2)
  10 kobolds
  A quokka (D:4)
  8 bats
  4 giant newts
  15 rats
85 creatures vanquished.

Notes
Turn   | Place    | Note
--------------------------------------------------------------
     0 | D:1      | Tomstefer the Minotaur Gladiator began the quest for the Orb.
     0 | D:1      | Reached XP level 1. HP: 18/18 MP: 0/0
   399 | D:1      | Reached XP level 2. HP: 26/26 MP: 1/1
   556 | D:1      | Reached XP level 3. HP: 29/31 MP: 2/2
  1000 | D:2      | Found a bloodstained altar of Trog.
  1024 | D:2      | Became a worshipper of Trog the Wrathful
  1261 | D:2      | Reached XP level 4. HP: 40/40 MP: 3/3
  1364 | D:2      | Reached skill level 5 in Maces & Flails
  1388 | D:2      | Reached * piety under Trog
  1501 | D:2      | Found a sacrificial altar of Ru.
  1501 | D:2      | Found an ancient bone altar of Kikubaaqudgha.
  1502 | D:2      | Found a stormy altar of Qazlal.
  1620 | D:3      | Reached skill level 1 in Armour
  1623 | D:3      | Found a white marble altar of Elyvilon.
  1950 | D:3      | Reached XP level 5. HP: 47/47 MP: 4/4
  2015 | D:3      | Found a glowing silver altar of Zin.
  2130 | D:3      | Found a glowing golden altar of the Shining One.
  2503 | D:4      | Reached ** piety under Trog
  2503 | D:4      | Reached skill level 5 in Fighting
  2550 | D:4      | Found a staircase to the Ecumenical Temple.
  2569 | D:4      | Slain by an orc wizard

Vault maps used:
D:1:      dpeg_arrival_brainrot, kennysheep_doodads, st_stairs_6
D:2:      gammafunk_temple_overflow_claw, lemuel_round_altar
D:3:      marbit_many_paths, overflow_temple_1_default, tso_altar
D:4:      temple_statues, first_bread

Skill      XL: |  1  2  3  4  5 |
---------------+----------------+-----
Fighting       | 3 4 5 |  5.0
Maces & Flails | 4 5 |  5.7
Armour         | 1 2 |  2.4
Throwing       | |  2.0
Dodging        | |  3.2

Action                   |  1- 3 |  4- 6 || total
-------------------------+-------+-------++-------
Melee: Flail             |    58 |       ||    58
       Whip              |    39 |   141 ||   180
  Eat: Chunk             |     1 |     4 ||     5
